 Dungeon Crawl Stone Soup version 0.17.1-2-g5865329 (webtiles) character file.

3739 Peloso the Blocker (level 9, 0/79 HPs)
             Began as a Minotaur Fighter on Jan 16, 2016.
             Was an Elder of Okawaru.
             Slain by an orc warrior
             ... wielding a +0 glaive
              (9 damage)
             ... on level 6 of the Dungeon.
             The game lasted 00:20:03 (7386 turns).

Peloso the Blocker (Minotaur Fighter)               Turns: 7386, Time: 00:20:04

Health: 0/79       AC: 14    Str: 23    XL:     9   Next: 93%
Magic:  18/18      EV:  6    Int:  5    God:    Okawaru [****..]
Gold:   246        SH: 18    Dex: 11    Spells: 0 memorised, 8 levels left

rFire  . . .     SeeInvis .     a - +1 long sword
rCold  . . .     Clarity  .     c - +1 plate armour
rNeg   . . .     SustAt   .     m - +0 large shield
rPois  +         Gourm    +     (helmet restricted)
rElec  .         Spirit   .     (no cloak)
rCorr  .         Warding  .     (no gloves)
rMut   .         Stasis   .     (no boots)
MR     .....                    z - amulet of the gourmand
Stlth  ..........               t - ring of poison resistance
                                i - ring of magical power

@: not resistant to hostile enchantments, extremely unstealthy
A: retaliatory headbutt, horns 2
a: Heroism, Renounce Religion


You were on level 6 of the Dungeon.
You worshipped Okawaru.
Okawaru was greatly pleased with you.
You were very full.

You visited 1 branch of the dungeon, and saw 7 of its levels.

You collected 246 gold pieces.

Inventory:

Hand Weapons
 a - a +1 long sword (weapon)
 f - a +1 dagger of flaming
Armour
 c - a +1 plate armour (worn)
 m - a +0 large shield (worn)
Jewellery
 i - a ring of magical power (left hand)
 t - a ring of poison resistance (right hand)
 z - an amulet of the gourmand (around neck)
Wands
 n - a wand of cold (11)
 w - a wand of polymorph (4)
 D - a wand of magic darts (27)
Scrolls
 b - a scroll of amnesia
 o - 3 scrolls of remove curse
 p - a scroll of enchant weapon
 y - 2 scrolls of magic mapping
Potions
 r - 2 potions of invisibility
 v - 2 potions of cure mutation {unknown}
 x - 2 potions of beneficial mutation {unknown}
 B - a potion of degeneration {unknown}
 C - 3 potions of haste {unknown}
 E - a potion of curing {unknown}
Books
 A - a book of Minor Magic

   Spells                             Type                      Level
   a - Magic Dart                     Conjuration                  1
   b - Blink                          Translocation                2
   c - Call Imp                       Summoning                    2
   d - Repel Missiles                 Charms/Air                   2
   e - Slow                           Hexes                        2
   f - Conjure Flame                  Conjuration/Fire             3
   g - Mephitic Cloud                 Conjuration/Poison/Air       3
Comestibles
 e - 3 bread rations
 k - a slice of pizza
 s - 4 meat rations
 u - 4 fruits


   Skills:
 + Level 7.0 Fighting
 + Level 6.5 Long Blades
 + Level 8.6 Armour
 + Level 5.5 Dodging
 + Level 0.3 Stealth
 + Level 11.1 Shields
 + Level 1.5 Invocations


You had 8 spell levels left.
You didn't know any spells.

Dungeon Overview and Level Annotations

Branches:
Dungeon (7/15)             Temple (0/1) D:5

Altars:
Dithmenos
Kikubaaqudgha
Okawaru
Sif Muna
Vehumet
Xom
The Shining One


Innate Abilities, Weirdness & Mutations

You reflexively headbutt those who attack you in melee.
You have a pair of horns on your head.


Message History

Unknown command.
You hit the orc warrior but do no damage.
The orc warrior is lightly wounded.
Unknown command.
You hit the orc warrior. You headbutt the orc warrior.
The orc warrior is moderately wounded.
You block the orc warrior's attack.
Unknown command.
You hit the orc warrior but do no damage.
You headbutt the orc warrior.
The orc warrior is heavily wounded.
The orc warrior hits you with a glaive!
You hit the orc warrior but do no damage.
The orc warrior is heavily wounded.
The orc warrior hits you with a glaive!
* * * LOW HITPOINT WARNING * * *
You hit the orc warrior.
The orc warrior is heavily wounded.
The orc warrior hits you with a glaive!
You die...

.####.####.####'#................
......#.....'..)#..[.............
......#.....#...#...>............
..<...#.....#..[#................
.##...####'##...#................
.##...##...######................
<..........#.....................
...........#...![#######.........
###........#...o@# #.........
..######...#....)# #......###
.......#...#.....# #......#
.......#...#.....# #......#
.......#...#.....# #......#
.......#...#.....# #......#
##.....#...#.....# #......#
.#.....#...'.....# #......#
.#.....#...#.....# #......#


You could see an orc warrior.

Vanquished Creatures
  The ghost of Poody the Basher, a novice MiFi of Qazlal (D:6)
  Grinder (D:6)
  A hungry ghost (D:7)
  A hippogriff (D:5)
  3 phantoms
  An ice beast (D:6)
  2 ogres
  2 orc warriors (D:6)
  A sky beast (D:6)
  A centaur (D:6)
  Blork the orc (D:5)
  4 giant frogs
  A scorpion (D:5)
  4 killer bees (D:7)
  7 wights
  3 crimson imps
  A giant frog zombie (D:6)
  A jelly (D:6)
  5 orc priests
  2 hounds
  5 orc wizards
  A quasit (D:5)
  2 worker ants
  2 centaur skeletons
  Natasha (thrice) (D:3)
  A hound zombie (D:6)
  A worker ant zombie (D:7)
  10 adders
  8 gnolls
  2 oozes
  3 adder skeletons
  3 worms (D:3)
  4 giant geckos
  15 orcs
  5 giant cockroaches
  9 goblins
  5 hobgoblins
  2 quokkas (D:6)
  11 bats
  A giant cockroach zombie (D:5)
  2 giant gecko skeletons
  A giant gecko zombie (D:7)
  6 giant newts
  12 jackals
  3 kobolds
  A quokka skeleton (D:7)
  A quokka zombie (D:6)
  12 rats
174 creatures vanquished.

Notes
Turn   | Place    | Note
--------------------------------------------------------------
     0 | D:1      | Peloso the Minotaur Fighter began the quest for the Orb.
     0 | D:1      | Reached XP level 1. HP: 19/19 MP: 0/0
   115 | D:1      | Reached XP level 2. HP: 9/27 MP: 1/1
   248 | D:1      | Reached skill level 4 in Armour
   817 | D:2      | Found an iron altar of Okawaru.
   828 | D:2      | Reached XP level 3. HP: 33/33 MP: 2/2
   831 | D:2      | Became a worshipper of Warmaster Okawaru
   838 | D:2      | Found a glowing golden altar of the Shining One.
   911 | D:2      | Reached skill level 1 in Dodging
  1232 | D:2      | Reached XP level 4. HP: 25/40 MP: 3/3
  1372 | D:2      | You fall through a shaft for 2 floors!
  1552 | D:4      | Reached skill level 5 in Shields
  1552 | D:4      | Reached XP level 5. HP: 35/46 MP: 4/4
  1751 | D:4      | Reached * piety under Okawaru
  1796 | D:4      | Noticed a giant frog
  1805 | D:4      | Killed a giant frog
  1805 | D:4      | Reached XP level 6. HP: 38/52 MP: 5/5
  2049 | D:3      | Noticed Natasha
  2056 | D:3      | Killed Natasha
  2134 | D:3      | Reached skill level 6 in Shields
  2308 | D:3      | Found a deep blue altar of Sif Muna.
  2795 | D:3      | Noticed Natasha
  2802 | D:3      | Killed Natasha
  2924 | D:3      | Noticed Natasha
  2951 | D:3      | Killed Natasha
  3453 | D:5      | Entered Level 5 of the Dungeon
  3453 | D:5      | Noticed Blork the orc
  3461 | D:5      | Killed Blork the orc
  3461 | D:5      | Reached skill level 5 in Armour
  3483 | D:5      | Reached XP level 7. HP: 49/60 MP: 6/6
  3508 | D:5      | Reached ** piety under Okawaru
  3576 | D:5      | Found a shimmering altar of Xom.
  3745 | D:5      | Reached skill level 5 in Fighting
  3919 | D:5      | Noticed a hippogriff
  3922 | D:5      | Found a staircase to the Ecumenical Temple.
  3932 | D:5      | Killed a hippogriff
  3932 | D:5      | Reached skill level 7 in Shields
  4157 | D:5      | Found a shadowy altar of Dithmenos.
  4241 | D:5      | Reached XP level 8. HP: 64/68 MP: 7/7
  4396 | D:5      | Found an ancient bone altar of Kikubaaqudgha.
  4939 | D:6      | Reached skill level 5 in Long Blades
  4939 | D:6      | Reached skill level 8 in Shields
  4975 | D:6      | Reached skill level 1 in Invocations
  5744 | D:6      | Noticed Poody's ghost (novice MiFi)
  5788 | D:6      | HP: 3/70 [Poody's ghost (16)]
  5800 | D:6      | Killed Poody's ghost
  5800 | D:6      | Reached *** piety under Okawaru
  5800 | D:6      | Reached skill level 5 in Dodging
  5800 | D:6      | Reached skill level 9 in Shields
  5800 | D:6      | Reached XP level 9. HP: 5/75 MP: 9/9
  6129 | D:6      | Found a radiant altar of Vehumet.
  6424 | D:6      | Noticed Grinder
  6435 | D:6      | Paralysed by Grinder for 2 turns
  6443 | D:6      | Killed Grinder
  6443 | D:6      | Reached skill level 10 in Shields
  7023 | D:7      | Reached **** piety under Okawaru
  7061 | D:7      | Reached skill level 11 in Shields
  7386 | D:6      | Slain by an orc warrior

Action                   |  1- 3 |  4- 6 |  7- 9 || total
-------------------------+-------+-------+-------++-------
Melee: Long sword        |   120 |   175 |   464 ||   759
       Unarmed           |       |     1 |       ||     1
Invok: Heroism           |       |       |     7 ||     7
  Use: Scroll            |       |       |    13 ||    13
       Potion            |       |       |     2 ||     2
  Eat: Chunk             |     1 |    24 |    12 ||    37
